 Dungeon Crawl Stone Soup version 0.20.1-1-g8b1a95d (webtiles) character file.

1939 ReteAZ the Grappler (level 8, 74/74 HPs)
             Began as a Troll Monk on Aug 6, 2017.
             Quit the game in the Ecumenical Temple.
             The game lasted 00:09:07 (4582 turns).

ReteAZ the Grappler (Troll Monk)                    Turns: 4582, Time: 00:09:07

Health: 74/74      AC:  7    Str: 20 (22) XL:     8   Next: 97%
Magic:  7/7        EV: 10    Int:  8      God:
Gold:   436        SH:  0    Dex: 11 (12) Spells: 7/7 levels left

rFire    . . .     SeeInvis .     - Unarmed
rCold    . . .     Gourm    +   (no shield)
rNeg     + + .     Faith    .   z - +2 robe {rN+}
rPois    .         Spirit   .   (helmet restricted)
rElec    .         Reflect  .   k - scarf {cloud immunity}
rCorr    +         Harm     .   (gloves unavailable)
MR       .....                  (boots unavailable)
Stlth    ++........             (no amulet)
Regen    0.7/turn               A - ring of resist corrosion
MPRegen  0.1/turn               y - ring of positive energy

@: no status effects
A: unfitting armour, claws 3, camouflage 1, fast metabolism 3, gourmand,
regeneration 1, shaggy fur 1, strong 1, tough skin 2, subdued magic 1,
MP-powered wands
a: no special abilities


You were in the Ecumenical Temple.
You were completely stuffed.

You visited 2 branches of the dungeon, and saw 8 of its levels.

You collected 436 gold pieces.

Inventory:

Missiles
 g - 5 tomahawks (quivered)
 F - 3 tomahawks of dispersal
Armour
 a - a +1 robe
 j - a +0 large shield
 k - a scarf of cloud immunity (worn)
 z - a +2 robe of positive energy (worn)
Jewellery
 y - a ring of positive energy (right claw)
 A - a ring of resist corrosion (left claw)
Wands
 h - a wand of digging (13/24)
 o - a wand of acid (6/15)
 B - a wand of random effects (18/48)
 E - a wand of confusion (32/48)
Scrolls
 c - a scroll of recharging
 f - a scroll of enchant armour
 i - a scroll of teleportation
 m - a scroll of noise
 p - a scroll of magic mapping
 q - a scroll of remove curse
 t - 3 scrolls of identify
Potions
 e - 2 potions of lignification
 u - a potion of mutation
Books
 r - a book of Flames

   Spells                             Type                      Level
   a - Flame Tongue                   Conjuration/Fire             1
   b - Throw Flame                    Conjuration/Fire             2
   c - Conjure Flame                  Conjuration/Fire             3
   d - Inner Flame                    Hexes/Fire                   3
   e - Sticky Flame                   Conjuration/Fire             4
   f - Fireball                       Conjuration/Fire             5
Comestibles
 b - 5 bread rations
 n - 3 royal jellies
 C - 3 fruits
 D - a meat ration


   Skills:
 - Level 2.4 Fighting
 - Level 2.4 Dodging
 - Level 1.0 Stealth
 + Level 11.8 Unarmed Combat


You had 7 spell levels left.
You didn't know any spells.

Dungeon Overview and Level Annotations

Branches:
Dungeon (7/15)             Temple (1/1) D:7

Altars:
Ashenzari
Cheibriados
Dithmenos
Elyvilon
Fedhas
Gozag
Hepliaklqana
Kikubaaqudgha
Makhleb
Nemelex Xobeh
Okawaru
Qazlal
Ru
Sif Muna
Trog
Uskayaw
Vehumet
Xom
Yredelemnul
Zin
The Shining One

Shops:
D:5 :


Innate Abilities, Weirdness & Mutations

You are too large for most types of armour.
You have claws for hands.
Your metabolism is lightning-fast.
You like to eat raw meat.
Your natural rate of healing is unusually fast.
You are covered in fur. (AC +1)
You have very tough skin. (AC +2)
Your skin changes colour to match your surroundings (Stealth+).
Your muscles are strong. (Str +2)
Your spells are a little easier to cast, but a little less powerful.
You expend magic power (3 MP) to strengthen your wands.


Message History

Eating a chunk of flesh.
You eat the chunk of flesh.
This raw flesh tastes great.
Found a burning altar of Makhleb.
Found a shimmering altar of Xom and a stormy altar of Qazlal.
Found a blossoming altar of Fedhas.
Found a glowing silver altar of Zin and a white marble altar of Elyvilon.
Found a deep blue altar of Sif Muna and a sacrificial altar of Ru.
Found a sparkling altar of Nemelex Xobeh.
Found an opulent altar of Gozag.
There is a sparkling altar of Nemelex Xobeh here.
Found a bloodstained altar of Trog.
There is a glowing silver altar of Zin here.
Found an ancient bone altar of Kikubaaqudgha.
Found a hazy altar of Hepliaklqana.
Found a basalt altar of Yredelemnul.
Done exploring.
Done exploring.
Search for what [? for help]? jiv Can't find anything matching that.
Are you sure you want to abandon this character and quit the game? (Confirm with "yes".)

......._.......###.....#
...........#####.......#
._.......#.#......._...#
.....#####.............#
...###......._.........#
####.............#######
......._.......###.....#
...........#####.......#
._.......#.#....@.._...#
.....#####......≈......#
...###......._.........#
#.##......≈......#######
......._.......###
....≈......#####
._.......### .....#####
...###


There were no monsters in sight!

Vanquished Creatures
  A black bear (D:7)
  2 ice beasts
  A phantom (D:4)
  3 bullfrogs (D:6)
  A scorpion (D:5)
  5 killer bees (D:7)
  2 crimson imps
  3 howler monkeys
  A gnoll shaman (D:6)
  2 hounds
  An orc priest (D:6)
  3 jellies
  2 iguanas
  7 orc wizards
  7 worker ants
  A howler monkey skeleton (D:6)
  8 gnolls
  13 adders
  3 worms
  2 dart slugs
  5 leopard geckos
  23 orcs
  A giant cockroach (D:1)
  7 goblins
  7 hobgoblins
  18 jackals
  A quokka (D:6)
  6 bats
  6 frilled lizards
  A giant cockroach zombie (D:5)
  A jackal skeleton (D:5)
  6 kobolds
  A leopard gecko skeleton (D:7)
  A leopard gecko zombie (D:6)
  A quokka zombie (D:5)
  4 rats
157 creatures vanquished.

Notes
Turn   | Place    | Note
-------+----------+-------------------------------------------
     0 | D:1      | ReteAZ the Troll Monk began the quest for the Orb.
     0 | D:1      | Reached XP level 1. HP: 22/22 MP: 0/0
   128 | D:1      | Reached XP level 2. HP: 29/29 MP: 1/1
   548 | D:1      | Reached skill level 4 in Unarmed Combat
   842 | D:2      | Reached XP level 3. HP: 36/36 MP: 2/2
  1065 | D:2      | Reached skill level 5 in Unarmed Combat
  1065 | D:2      | Reached XP level 4. HP: 38/44 MP: 3/3
  1368 | D:3      | Reached XP level 5. HP: 35/50 MP: 4/4
  1392 | D:3      | Reached skill level 6 in Unarmed Combat
  1866 | D:4      | Found a radiant altar of Vehumet.
  1869 | D:4      | Found a snail-covered altar of Cheibriados.
  1871 | D:4      | Found a shadowy altar of Dithmenos.
  1871 | D:4      | Found a glowing golden altar of the Shining One.
  1886 | D:4      | Reached XP level 6. HP: 44/59 MP: 5/5
  1935 | D:4      | Reached skill level 7 in Unarmed Combat
  2129 | D:4      | Reached skill level 8 in Unarmed Combat
  2129 | D:4      | Reached XP level 7. HP: 60/66 MP: 6/6
  2705 | D:5      | Entered Level 5 of the Dungeon
  2932 | D:5      | Reached skill level 9 in Unarmed Combat
  3223 | D:5      | Found Eliwiny's Book Shop.
  3609 | D:6      | Reached XP level 8. HP: 60/74 MP: 7/7
  3641 | D:6      | Reached skill level 10 in Unarmed Combat
  3760 | D:6      | Found a shattered altar of Ashenzari.
  3866 | D:6      | Found an iron altar of Okawaru.
  4328 | D:7      | Gained mutation: You expend magic power (3 MP) to strengthen your wands. [potion of mutation]
  4328 | D:7      | Gained mutation: Your spells are a little easier to cast, but a little less powerful. [potion of mutation]
  4328 | D:7      | Gained mutation: Your skin changes colour to match your surroundings (Stealth+). [potion of mutation]
  4328 | D:7      | Gained mutation: Your muscles are strong. (Str +2) [potion of mutation]
  4332 | D:7      | Reached skill level 11 in Unarmed Combat
  4470 | D:7      | Found a staircase to the Ecumenical Temple.
  4483 | Temple   | Entered the Ecumenical Temple
  4582 | Temple   | Quit the game

Skill      XL: |  1  2  3  4  5  6  7  8 |
---------------+-------------------------+-----
Unarmed Combat | 4 5 6 8 9 11 | 11.8
Fighting       | |  2.4
Dodging        | |  2.4
Stealth        | |  1.0

Action                   |  1- 3 |  4- 6 |  7- 9 || total
-------------------------+-------+-------+-------++-------
Melee: Unarmed           |    94 |   106 |   198 ||   398
       Punch             |       |     1 |     8 ||     9
Throw: Tomahawk          |       |     1 |     6 ||     7
  Use: Scroll            |       |       |    10 ||    10
       Potion            |       |       |     6 ||     6
 Stab: Sleeping          |     6 |     3 |       ||     9
  Eat: Chunk             |     9 |    16 |    22 ||    47
Armor: Robe              |    29 |    28 |    57 ||   114
       Skin              |       |       |    61 ||    61
Dodge: Dodged            |    31 |    49 |    94 ||   174
